 Dungeon Crawl Stone Soup version 0.25.1-2-g60ff931df9 (webtiles) character file.

Game seed: 17641657837861226871

281041 soggyman666 the Slayer (level 20, -5/203 HPs)
             Began as a Minotaur Fighter on Nov 4, 2020.
             Was the Champion of Trog.
             Killed from afar by a hellion (28 damage)
             ... with damnation
             ... summoned by a deep elf demonologist
             ... on level 1 of the Elven Halls on Nov 5, 2020.
             The game lasted 05:30:46 (42632 turns).

soggyman666 the Slayer (Minotaur Fighter)          Turns: 42632, Time: 05:30:46

Health: -5/203     AC: 40    Str: 33    XL:     20   Next: 7%
Magic:  8/8        EV: 15    Int:  8    God:    Trog [******]
Gold:   1090       SH: 23    Dex: 19    Spells: 19/19 levels left

rFire    x . .     SeeInvis .   F - +5 morningstar (antimagic)
rCold    . . .     Gourm    .   L - +0 tower shield
rNeg     + . .     Faith    +   W - +8 orange crystal plate armour {Archmagi, Int+3 Clar}
rPois    .         Spirit   .   (helmet restricted)
rElec    .         Reflect  .   h - +2 cloak
rCorr    .         Harm     .   H - +2 pair of gloves
MR       +++..     Clarity  +   (no boots)
Stlth    ..........             z - amulet "Foecw" {Faith rF- rN+ MR++}
HPRegen  0.43/turn              T - +6 ring of strength
MPRegen  0.11/turn              b - +6 ring of dexterity

@: very slow
A: retaliatory headbutt, horns 2
}: 1/15 runes: barnacled
a: Berserk, Trog's Hand, Brothers in Arms, Renounce Religion


You were on level 1 of the Elven Halls.
You worshipped Trog.
Trog was exalted by your worship.
You were near starving.

You visited 10 branches of the dungeon, and saw 36 of its levels.
You also visited: Gauntlet.

You collected 3470 gold pieces.
You spent 2380 gold pieces at shops.

Inventory:

Hand Weapons
 s - a +2 war axe of electrocution
 y - a +2 hand axe of freezing
 C - a +2 mace of holy wrath
 F - a +5 antimagic morningstar (weapon)
 J - a +3 broad axe of venom
 S - a +6 vorpal hand axe
 V - a +5 morningstar of draining
 X - a +5 broad axe of flaming
Armour
 h - a +2 cloak (worn)
 H - a +2 pair of gloves (worn)
 K - +0 acid dragon scales
 L - a +0 tower shield (worn)
 W - the +8 orange crystal plate armour (worn) {Archmagi, Int+3 Clar}
   (You found it on level 13 of the Dungeon)

   It affects your intelligence (+3).
   It protects you against confusion.
Jewellery
 b - a +6 ring of dexterity (right hand)
 g - an uncursed ring of protection from cold
 i - an uncursed amulet of reflection
 k - an uncursed amulet of the acrobat
 l - an uncursed ring of resist corrosion
 m - an uncursed ring of flight
 z - the amulet "Foecw" (around neck) {Faith rF- rN+ MR++}
   (You found it in a Gauntlet)

   [amulet of faith]

   It allows you to gain divine favour quickly.
   It makes you vulnerable to fire.
   It protects you from negative energy.
   It affects your resistance to hostile enchantments.
 T - a +6 ring of strength (left hand)
Wands
 a - a wand of random effects (50)
 d - a wand of flame (96)
 n - a wand of digging (17)
 r - a wand of enslavement (8)
 t - a wand of acid (15)
 A - a wand of polymorph (27)
 D - a wand of paralysis (19)
 R - a wand of clouds (17)
 U - a wand of iceblast (12)
 Z - a wand of disintegration (8)
Scrolls
 e - 23 scrolls of remove curse
 o - 17 scrolls of teleportation
 p - 5 scrolls of fear
 v - a scroll of magic mapping
 B - 12 scrolls of identify
 P - 4 scrolls of fog
Potions
 q - 6 potions of might
 u - 3 potions of haste
 x - a potion of stabbing
 G - 8 potions of curing
 I - 4 potions of flight
 M - a potion of heal wounds
 N - 5 potions of cancellation
 Q - 4 potions of resistance
Miscellaneous
 w - a lightning rod (2/4)
 E - a phial of floods (inert)
Comestibles
 c - 5 chunks of flesh
 f - 59 rations


   Skills:
 * Level 23.0 Fighting
 - Level 17.1(18.4) Axes
 - Level 12.1(16.0) Maces & Flails
 * Level 17.8 Armour
 * Level 14.7 Dodging
 + Level 2.7 Stealth
 + Level 15.9 Shields
 * Level 9.8 Evocations


You had 19 spell levels left.
You didn't know any spells.
Your spell library was empty.

Dungeon Overview and Level Annotations

Branches:
Dungeon (15/15)            Temple (1/1) D:6            Lair (6/6) D:10
 Shoals (4/4) Lair:2        Snake (1/4) Lair:3        Slime (1/5) Lair:5
    Orc (2/2) D:9             Elf (1/3) Orc:2        Vaults (4/5) D:13
  Crypt (0/3) Vaults:2     Depths (1/5) D:15        Gauntlet (visited)

Altars:
Ashenzari
Cheibriados
Dithmenos
Elyvilon
Fedhas
Gozag
Hepliaklqana
Kikubaaqudgha
Makhleb
Nemelex Xobeh
Okawaru
Qazlal
Ru
Sif Muna
Trog
Uskayaw
Vehumet
Wu Jian
Xom
Yredelemnul
Zin
The Shining One
Beogh

Shops:
Orc:2 [*[!   Elf:1 :   Shoals:4 (=}   Vaults:1 }   Vaults:3 :   Vaults:4 }

Annotations:
D:14 5 transporters
Lair:1 2 transporters


Innate Abilities, Weirdness & Mutations

You reflexively headbutt those who attack you in melee.
You have a pair of horns on your head.


Message History

The hellion gestures at you.
The sphere of damnation explodes!
The damnation engulfs you!!
* * * LOW HITPOINT WARNING * * *
You hear a shout!
You see here 2 arrows.
Evoke which item? (* to show all) (? for menu, Esc to quit)
Aim the phial where?
Press: ? - help, Shift-Dir - straight line, f - hellion
Aim: a hellion (summoned)
The torrent of water misses the hellion.
The wave splashes down.
The hellion is engulfed in water.
The deep elf high priest is engulfed in water.
Splash!
You fall into the shallow water.
Moving in this stuff is going to be slow.
The deep elf demonologist is engulfed in water.
You hear a shout!
You hear a deafening roar! x2
The hellion gestures at you.
The sphere of damnation explodes!
The damnation engulfs you!!
You die...

#8...$$...8# #8........8# #+
##..#)[#..## #######.#
#8e..).)[.8# ##.....'#
#8..2.)[[.8# #.......#
#''#''#3[## ####.......#
#3e#('#..'##
...'.......#######≈##2......#
####.....())))).@(2e≈e'.....#
#.......############.....##
##.....'# ###[##(## ##+####.#
#####.## #.# #.# ##.## #.#
#.# ##4. #.# #'. ##. ## #.#
.. #.. .# #.# #..


You could see 2 deep elf demonologists, a deep elf high priest (waterlogged) and
2 hellions.

Vanquished Creatures
  Mara (Vaults:2)
  Mennas (Vaults:3)
  A hellephant (Vaults:3)
  Rupert (Lair:3)
  Jorgrun (D:15)
  The ghost of Anosyof the Impaler, an adept CeHu of Okawaru (Vaults:2)
  Asterion (Elf:1)
  A kraken (Shoals:4)
  Gastronok (Orc:1)
  A sphinx (Vaults:3)
  Kirke (D:12)
  Roxanne (D:15)
  An azure jelly (Lair:5)
  An orc warlord (Orc:2)
  A balrug (Vaults:3)
  11 vault wardens
  8 ironheart preservers
  A war gargoyle (Vaults:3)
  A large abomination (Elf:1)
  Nessos (D:12)
  A deep elf demonologist (Vaults:2)
  5 stone giants
  7 very ugly things
  A minotaur (Gauntlet)
  4 ettins
  3 merfolk javelineers (Shoals:4)
  5 fire dragons
  A crystal guardian (Vaults:4)
  3 great orbs of eyes
  5 merfolk impalers
  Harold (Orc:1)
  2 ice dragons
  4 yaktaur captains
  Josephine (D:15)
  A rakshasa (Vaults:2)
  Fannar (D:12)
  7 vault guards
  3 hydras
  A death knight (Vaults:1)
  Erolcha (Orc:2)
  4 merfolk aquamancers (Shoals:4)
  2 alligator snapping turtles (Shoals:4)
  12 centaur warriors
  A satyr (Shoals:4)
  47 two-headed ogres
  17 ogre magi
  5 dancing weapons (Elf:1)
  A tengu warrior (D:15)
  A naga sharpshooter (Snake:1)
  A deep troll earth mage (Vaults:3)
  Nergalle (Orc:1)
  Urug (Orc:1)
  A shock serpent (shapeshifter) (Vaults:2)
  13 deep elf knights
  A shock serpent (Snake:1)
  14 hell knights (Vaults:3)
  A shadow wraith (Vaults:4)
  A fire crab (Gauntlet)
  8 sea snakes
  2 skeletal warriors (Vaults:1)
  An unseen horror (Vaults:1)
  2 glowing orange brains
  A flayed ghost (Vaults:1)
  6 deep elf archers
  A lindwurm (Lair:6)
  3 deep trolls (Vaults:3)
  3 necromancers
  2 phantasmal warriors (Vaults:1)
  17 harpies
  A wizard (D:13)
  19 ironbrand convokers
  2 orc sorcerers
  19 orc knights
  5 oklob plants
  4 fauns
  4 manticores
  8 cyclopes
  30 deep elf magi
  12 slime creatures
  A wolf spider (Vaults:1)
  A salamander (shapeshifter) (D:15)
  27 ugly things
  3 merfolk sirens (Shoals:1)
  9 water nymphs
  6 black mambas
  5 elephants (Lair:6)
  13 vault sentinels
  An eye of devastation (Gauntlet)
  A water nymph (shapeshifter) (Vaults:4)
  Joseph (D:7)
  4 centaur skeletons
  2 spiny frogs (shapeshifter) (Vaults:3)
  2 molten gargoyles (Lair:6)
  A human zombie (Vaults:3)
  2 rime drakes
  10 spiny frogs
  25 yaktaurs
  A yaktaur zombie (Vaults:3)
  A yaktaur (shapeshifter) (Vaults:2)
  2 freezing wraiths
  2 rime drakes (shapeshifter)
  Maggie (D:8)
  12 komodo dragons
  A tengu conjurer (D:15)
  A yaktaur skeleton (Vaults:3)
  4 red devils (Elf:1)
  11 merfolk
  A wind drake (shapeshifter) (Vaults:1)
  2 wind drakes (Shoals:4)
  11 trolls
  3 hornets
  A meliai (shapeshifter) (Vaults:2)
  A polar bear (shapeshifter) (Vaults:1)
  The ghost of spagheddon the Ducker, an amateur DsGl of Yredelemnul (D:5)
  16 dream sheep
  3 blink frogs (Lair:3)
  9 snapping turtles
  14 hippogriffs
  2 air elementals (Elf:1)
  7 wraiths
  18 yaks
  A spriggan (shapeshifter) (Vaults:1)
  2 shadows (D:15)
  5 water elementals
  21 humans
  A centaur simulacrum (D:15)
  A vampire (D:13)
  2 fire elementals (Elf:1)
  A human (shapeshifter) (Vaults:3)
  2 wyverns
  A wyvern (shapeshifter) (Vaults:2)
  4 hogs (D:12)
  5 fire bats (Gauntlet)
  A hog (shapeshifter) (Vaults:2)
  A yak (shapeshifter) (Vaults:4)
  A golden eye (Gauntlet)
  5 human simulacra
  9 basilisks
  A hungry ghost (D:11)
  21 vampire mosquitoes
  3 wargs
  2 steam dragons (Lair:6)
  2 acid dragons
  A naga (shapeshifter) (Vaults:1)
  6 porcupines
  9 water moccasins
  7 hell hounds
  2 black bears
  55 orc warriors
  5 ice beasts
  2 phantoms
  6 sky beasts
  4 boggarts (Vaults:3)
  An ettin simulacrum (Vaults:3)
  An eye of draining (D:14)
  An elf zombie (Vaults:3)
  41 ogres
  45 centaurs
  10 crocodiles
  9 big kobolds
  A big kobold (shapeshifter) (Vaults:4)
  9 bullfrogs
  3 gnoll sergeants (D:9)
  A wyvern skeleton (D:6)
  6 scorpions
  7 killer bees
  13 wights
  5 howler monkeys
  5 lava snakes (Lair:6)
  3 centaur zombies
  3 bullfrog zombies
  3 quasits (D:5)
  4 crimson imps
  3 hounds
  9 jellies
  Crazy Yiuf (D:2)
  A gnoll shaman (D:8)
  19 orc priests
  26 orc wizards
  2 bullfrog skeletons
  Natasha (twice) (D:2)
  5 iguanas
  10 worker ants
  A hound skeleton (D:4)
  A worker ant zombie (D:5)
  Robin (D:2)
  18 gnolls
  12 adders
  5 shadow imps
  3 white imps (Lair:4)
  5 oozes (D:9)
  4 adder skeletons
  3 worms
  3 dart slugs (D:1)
  3 leopard geckos
  102 orcs
  6 giant cockroaches
  16 goblins
  8 hobgoblins
  23 jackals
  5 quokkas
  3 ball pythons
  9 bats
  4 frilled lizards
  A jackal skeleton (D:5)
  11 kobolds
  7 rats
  2 crawling corpses (Elf:1)
  4 plants
  4 tentacles (Shoals:4)
1309 creatures vanquished.

Vanquished Creatures (collateral kills)
  2 merfolk javelineers (Shoals:4)
  3 merfolk impalers (Shoals:4)
  A fire dragon (Lair:6)
  2 merfolk aquamancers (Shoals:4)
  A sea snake (Shoals:4)
  A merfolk siren (Shoals:4)
  A wind drake (Shoals:4)
11 creatures vanquished.

Vanquished Creatures (others)
  A merfolk javelineer (Shoals:4)
  A merfolk impaler (Shoals:4)
  An ogre mage (Depths:1)
  A deep elf mage (Vaults:4)
  A manticore (Shoals:4)
  A boggart (Vaults:3)
  2 orc priests
  An orc wizard (Elf:1)
  5 orcs (Elf:1)
  2 fungi
  5 plants
  20 tentacles (Shoals:4)
41 creatures vanquished.

Grand Total: 1361 creatures vanquished

Notes
Turn   | Place    | Note
-------+----------+-------------------------------------------
     0 | D:1      | soggyman666 the Minotaur Fighter began the quest for the
                  | Orb.
     0 | D:1      | Reached XP level 1. HP: 19/19 MP: 0/0
   277 | D:1      | Reached XP level 2. HP: 25/27 MP: 1/1
   503 | D:1      | Found a glowing golden altar of the Shining One.
   539 | D:1      | Reached XP level 3. HP: 33/33 MP: 2/2
   999 | D:2      | Noticed Natasha
  1007 | D:2      | Killed Natasha
  1007 | D:2      | Reached skill level 4 in Fighting
  1185 | D:2      | Noticed Robin
  1204 | D:2      | Reached XP level 4. HP: 39/40 MP: 3/3
  1205 | D:2      | Killed Robin
  1285 | D:2      | Reached skill level 1 in Dodging
  1492 | D:2      | Found a sacrificial altar of Ru.
  1710 | D:2      | Found a runed translucent door.
  1710 | D:2      | Noticed Natasha
  1711 | D:2      | Noticed Crazy Yiuf
  1720 | D:2      | Killed Natasha
  1722 | D:2      | Killed Crazy Yiuf
  1722 | D:2      | Reached XP level 5. HP: 42/46 MP: 4/4
  2277 | D:3      | Reached skill level 5 in Armour
  2497 | D:3      | Reached skill level 5 in Shields
  3069 | D:4      | Reached XP level 6. HP: 52/52 MP: 5/5
  3140 | D:4      | Reached skill level 5 in Axes
  3324 | D:4      | Found a shattered altar of Ashenzari.
  3352 | D:4      | Reached skill level 1 in Evocations
  3877 | D:5      | Entered Level 5 of the Dungeon
  3883 | D:5      | Reached XP level 7. HP: 60/60 MP: 7/7
  4182 | D:5      | Found an ancient bone altar of Kikubaaqudgha.
  4182 | D:5      | Found a hazy altar of Hepliaklqana.
  4184 | D:5      | Found a basalt altar of Yredelemnul.
  4184 | D:5      | Found a radiant altar of Vehumet.
  4293 | D:5      | Found a transporter.
  4296 | D:5      | Noticed spagheddon's ghost (amateur DsGl)
  4359 | D:5      | Reached XP level 8. HP: 59/67 MP: 9/9
  4478 | D:5      | Found a transporter.
  4701 | D:5      | Killed spagheddon's ghost
  4701 | D:5      | Reached skill level 5 in Fighting
  5169 | D:6      | Noticed a hippogriff
  5178 | D:6      | Killed a hippogriff
  5290 | D:6      | Reached XP level 9. HP: 75/75 MP: 11/11
  5625 | D:6      | Found a staircase to the Ecumenical Temple.
  5634 | Temple   | Entered the Ecumenical Temple
  5649 | Temple   | Became a worshipper of Trog the Wrathful
  5907 | D:7      | Noticed Joseph
  5937 | D:7      | Killed Joseph
  5937 | D:7      | Reached skill level 6 in Fighting
  6058 | D:7      | Reached skill level 5 in Evocations
  6153 | D:7      | Reached skill level 10 in Axes
  6301 | D:7      | Reached * piety under Trog
  6751 | D:8      | Found an iron altar of Okawaru.
  6798 | D:8      | Reached XP level 10. HP: 84/84 MP: 13/13
  6848 | D:8      | Noticed a two-headed ogre
  6857 | D:8      | Killed a two-headed ogre
  6867 | D:8      | Reached skill level 7 in Fighting
  6922 | D:8      | Noticed Maggie
  6937 | D:8      | Killed Maggie
  7377 | D:8      | Reached ** piety under Trog
  8342 | D:9      | Found a staircase to the Orcish Mines.
  8410 | D:9      | Reached *** piety under Trog
  8424 | D:9      | Reached XP level 11. HP: 51/93 MP: 14/14
  8684 | Orc:1    | Entered Level 1 of the Orcish Mines
  8684 | Orc:1    | Noticed an orc sorcerer
  8727 | D:10     | Entered Level 10 of the Dungeon
  9071 | D:10     | Found a staircase to the Lair.
  9090 | D:10     | Reached skill level 8 in Fighting
  9347 | D:10     | Noticed a two-headed ogre
  9359 | D:10     | Killed a two-headed ogre
  9758 | Lair:1   | Entered Level 1 of the Lair of Beasts
  9787 | Lair:1   | Found a gate leading to a gauntlet.
  9820 | Gauntlet | Entered a Gauntlet
  9820 | Gauntlet | Found a transporter.
  9820 | Gauntlet | Found a transporter.
  9821 | Gauntlet | Found a transporter.
  9823 | Gauntlet | Noticed a sixfirhy
  9824 | Gauntlet | Found a transporter.
  9824 | Gauntlet | Found a transporter.
  9824 | Gauntlet | Found a transporter.
  9835 | Gauntlet | Found a transporter.
  9836 | Gauntlet | Found a transporter.
  9836 | Gauntlet | Noticed a fire crab
  9839 | Gauntlet | Found a transporter.
  9839 | Gauntlet | Found a transporter.
  9841 | Gauntlet | Found a large runed translucent door.
  9842 | Gauntlet | Found a large runed translucent door.
  9843 | Gauntlet | Found a large runed translucent door.
  9843 | Gauntlet | Found a large runed translucent door.
  9843 | Gauntlet | Found a runed translucent door.
  9844 | Gauntlet | Found a large runed translucent door.
  9845 | Gauntlet | Found a large runed translucent door.
  9846 | Gauntlet | Found a large runed translucent door.
  9846 | Gauntlet | Found a large runed translucent door.
  9847 | Gauntlet | Found a runed translucent gate.
  9848 | Gauntlet | Noticed a hell hog
  9853 | Gauntlet | Found a runed translucent gate.
  9853 | Gauntlet | Found a transporter.
  9861 | Gauntlet | Found a runed translucent gate.
  9862 | Gauntlet | Found a large runed translucent door.
  9862 | Gauntlet | Found a large runed translucent door.
  9863 | Gauntlet | Found a large runed translucent door.
  9864 | Gauntlet | Found a large runed translucent door.
  9874 | Gauntlet | Found a large runed translucent door.
  9874 | Gauntlet | Found a large runed translucent door.
  9874 | Gauntlet | Found a runed translucent door.
  9875 | Gauntlet | Found a large runed translucent door.
  9876 | Gauntlet | Found a large runed translucent door.
 10013 | Gauntlet | Noticed a fire crab
 10014 | Gauntlet | Found a transporter.
 10197 | Gauntlet | Reached skill level 5 in Dodging
 10590 | Gauntlet | Got a steaming golden ring
 10593 | Gauntlet | Identified the ring "Joys" {*Drain rF+++ Int+2 Dex+2
                  | Stlth+} (You found it in a Gauntlet)
 10608 | Gauntlet | Reached **** piety under Trog
 10620 | Gauntlet | Killed a fire crab
 10650 | Gauntlet | Got a crude amethyst amulet
 10662 | Gauntlet | Identified the amulet "Foecw" {Faith rF- rN+ MR++} (You
                  | found it in a Gauntlet)
 10726 | Gauntlet | Noticed a minotaur
 10743 | Gauntlet | Killed a minotaur
 10743 | Gauntlet | Reached skill level 9 in Fighting
 11138 | D:11     | Noticed a brown ugly thing
 11138 | D:11     | Noticed a two-headed ogre
 11146 | D:11     | Killed a brown ugly thing
 11146 | D:11     | Killed a two-headed ogre
 11280 | D:11     | Reached XP level 12. HP: 104/104 MP: 15/15
 11598 | D:12     | Noticed a seven-headed hydra
 11754 | D:11     | Killed a ten-headed hydra
 11754 | D:11     | Reached skill level 10 in Armour
 11754 | D:11     | Reached skill level 1 in Stealth
 11779 | D:12     | Noticed Kirke
 11799 | D:12     | Killed Kirke
 11808 | D:12     | Noticed Fannar
 11836 | D:12     | Killed Fannar
 11916 | D:12     | Noticed Nessos
 11942 | D:11     | Reached skill level 15 in Axes
 12324 | D:12     | Killed Nessos
 12632 | D:12     | Noticed a two-headed ogre
 12639 | D:12     | Killed a two-headed ogre
 12649 | D:12     | Identified a scroll of acquirement
 12777 | D:12     | Acquired a manual of Fighting
 12866 | D:12     | Reached skill level 10 in Fighting
 14051 | D:13     | Noticed a two-headed ogre
 14056 | D:13     | Killed a two-headed ogre
 14089 | D:13     | Found the +8 orange crystal plate armour {Archmagi, Int+3
                  | Clar}
 14198 | D:13     | Reached skill level 11 in Fighting
 14200 | D:13     | Reached XP level 13. HP: 116/116 MP: 16/16
 14557 | D:13     | Reached ***** piety under Trog
 14608 | D:13     | Found a gate to the Vaults.
 14616 | D:13     | Reached skill level 12 in Fighting
 15196 | D:14     | Noticed a sphinx
 15197 | D:14     | Found a transporter.
 15197 | D:14     | Found a transporter.
 15197 | D:14     | Noticed a frost giant
 15230 | D:14     | Reached skill level 13 in Fighting
 15394 | D:14     | Reached skill level 14 in Fighting
 15663 | D:14     | Received a gift from Trog
 15904 | D:14     | Found a transporter.
 15944 | D:14     | Found a transporter.
 15950 | D:14     | Found a transporter.
 16004 | D:15     | Entered Level 15 of the Dungeon
 16080 | D:15     | Noticed Josephine
 16112 | D:15     | Reached skill level 15 in Fighting
 16120 | D:15     | Killed Josephine
 16126 | D:15     | Reached skill level 1 in Maces & Flails
 16300 | D:15     | Got an ancient quarterstaff
 16333 | D:15     | Reached XP level 14. HP: 99/135 MP: 17/17
 16345 | D:15     | Found a staircase to the Depths.
 16829 | D:15     | Received a gift from Trog
 16937 | D:15     | Noticed Jorgrun
 16947 | D:15     | Killed Jorgrun
 16947 | D:15     | Reached skill level 16 in Fighting
 17061 | D:15     | Reached skill level 5 in Maces & Flails
 17233 | D:15     | Noticed Roxanne
 17256 | D:15     | Killed Roxanne
 17256 | D:15     | Reached skill level 10 in Dodging
 17459 | Depths:1 | Entered Level 1 of the Depths
 17684 | Lair:1   | Found a transporter.
 17732 | Lair:1   | Found a transporter.
 18493 | Lair:2   | Found a staircase to the Shoals.
 18537 | Shoals:1 | Entered Level 1 of the Shoals
 18752 | Lair:3   | Found a staircase to the Snake Pit.
 18813 | Snake:1  | Entered Level 1 of the Snake Pit
 19172 | Lair:3   | Noticed Rupert
 19190 | Lair:3   | Killed Rupert
 19193 | Lair:3   | Reached skill level 17 in Fighting
 19227 | Lair:3   | Found an ancient bone altar of Kikubaaqudgha.
 20316 | Lair:4   | Received a gift from Trog
 22036 | Lair:5   | Found a staircase to the Slime Pits.
 22047 | Lair:5   | Reached XP level 15. HP: 129/147 MP: 18/18
 22234 | Slime:1  | Entered Level 1 of the Pits of Slime
 22234 | Slime:1  | Noticed an azure jelly
 22234 | Slime:1  | Noticed an acid blob
 22250 | Lair:5   | Killed an azure jelly
 22250 | Lair:5   | Reached skill level 10 in Shields
 22273 | Lair:6   | Entered Level 6 of the Lair of Beasts
 23425 | Lair:6   | Found a large runed translucent door.
 23426 | Lair:6   | Found a large runed translucent door.
 23468 | Lair:6   | Reached skill level 18 in Fighting
 23993 | Lair:6   | Received a gift from Trog
 24570 | Orc:1    | Noticed Gastronok
 24586 | Orc:1    | Killed Gastronok
 24684 | Orc:1    | Noticed Nergalle
 24690 | Orc:1    | Noticed Harold
 24693 | Orc:1    | Killed Nergalle
 24707 | Orc:1    | Killed Harold
 24722 | Orc:1    | Noticed Urug
 24733 | Orc:1    | Killed Urug
 25056 | Orc:2    | Entered Level 2 of the Orcish Mines
 25060 | Orc:2    | Noticed Erolcha
 25060 | Orc:2    | Noticed an orc warlord
 25075 | Orc:2    | Killed Erolcha
 25281 | Orc:2    | Killed an orc warlord
 25648 | Orc:2    | Reached skill level 10 in Maces & Flails
 25774 | Orc:2    | Found a roughly hewn altar of Beogh.
 25792 | Orc:2    | Found a staircase to the Elven Halls.
 25829 | Elf:1    | Entered Level 1 of the Elven Halls
 26085 | Orc:2    | Found Ossic's General Store.
 26085 | Orc:2    | Found Muthrigao's Armour Shop.
 26087 | Orc:2    | Found Iviovekk's Distillery.
 26089 | Orc:2    | Found Hakorack's Armour Shoppe.
 26093 | Orc:2    | Bought a potion of heal wounds for 80 gold pieces
 26096 | Orc:2    | Bought a potion of haste for 130 gold pieces
 26096 | Orc:2    | Bought a potion of curing for 39 gold pieces
 26096 | Orc:2    | Bought a potion of resistance for 130 gold pieces
 26096 | Orc:2    | Bought a potion of heal wounds for 65 gold pieces
 26096 | Orc:2    | Bought a potion of might for 52 gold pieces
 27548 | Shoals:2 | Reached XP level 16. HP: 159/159 MP: 19/19
 27837 | Shoals:2 | Got a steaming robe
 27838 | Shoals:2 | Identified the +1 robe "Peif" {-Cast Regen+ Str+3} (You
                  | found it on level 2 of the Shoals)
 28714 | Shoals:4 | Entered Level 4 of the Shoals
 29042 | Shoals:4 | Received a gift from Trog
 29061 | Shoals:4 | Found Sopygeat's Armour Boutique.
 29327 | Shoals:4 | Got a translucent scale mail
 29328 | Shoals:4 | Identified the cursed +0 scale mail of Jodgheyll {rC+ SInv}
                  | (You found it on level 4 of the Shoals)
 29511 | Shoals:4 | Noticed a kraken
 29584 | Shoals:4 | Killed a kraken
 29762 | Shoals:4 | Found Bunoziuw's Gadget Shop.
 29770 | Shoals:4 | Found Sogu Bog's Jewellery Emporium.
 29772 | Shoals:4 | Bought a lightning rod (4/4) for 640 gold pieces
 29826 | Shoals:4 | Found Fuil's Antique Weapon Shoppe.
 30825 | Shoals:4 | Reached skill level 19 in Fighting
 30907 | Shoals:4 | Got a barnacled rune of Zot
 31486 | Vaults:1 | Entered Level 1 of the Vaults
 31714 | Vaults:1 | Found Falui's Gadget Shop.
 31723 | Vaults:1 | Bought a wand of enslavement (8) for 140 gold pieces
 31723 | Vaults:1 | Bought a phial of floods for 560 gold pieces
 31830 | Vaults:1 | Reached skill level 15 in Armour
 32095 | Vaults:1 | Identified the cursed +1 ring mail "Gehos" {rN++ MP-9 SInv
                  | Stlth+}
 32223 | Vaults:1 | Reached XP level 17. HP: 116/168 MP: 7/21
 33401 | Vaults:1 | Reached ****** piety under Trog
 33503 | Vaults:2 | Received a gift from Trog
 33562 | Vaults:2 | Reached skill level 20 in Fighting
 34156 | Vaults:2 | Found a staircase to the Crypt.
 34156 | Vaults:2 | Found an ancient bone altar of Kikubaaqudgha.
 34156 | Vaults:2 | Found a basalt altar of Yredelemnul.
 34353 | Vaults:2 | Received a gift from Trog
 34542 | Vaults:2 | Reached XP level 18. HP: 119/180 MP: 22/22
 34875 | Vaults:2 | Noticed Mara
 34878 | Vaults:2 | Noticed soggyman666's illusion
 34894 | Vaults:2 | Killed Mara
 35036 | Vaults:2 | Reached skill level 21 in Fighting
 35262 | Vaults:2 | Received a gift from Trog
 35962 | Vaults:2 | Found a large runed translucent door.
 35962 | Vaults:2 | Found a large runed translucent door.
 35963 | Vaults:2 | Noticed Anosyof's ghost (adept CeHu)
 36008 | Vaults:2 | Killed Anosyof's ghost
 36832 | Vaults:3 | Noticed Mennas
 36884 | Vaults:3 | Killed Mennas
 37659 | Vaults:3 | Received a gift from Trog
 37965 | Vaults:3 | Found Jail's Book Shop.
 38265 | Vaults:3 | Reached XP level 19. HP: 134/191 MP: 24/24
 38739 | Vaults:3 | Found a huge runed gate.
 38739 | Vaults:3 | Found a huge runed gate.
 38739 | Vaults:3 | Found a huge runed gate.
 38739 | Vaults:3 | Found a huge runed gate.
 38739 | Vaults:3 | Found a huge runed gate.
 38740 | Vaults:3 | Found a huge runed gate.
 38740 | Vaults:3 | Found a huge runed gate.
 38740 | Vaults:3 | Found a huge runed gate.
 38740 | Vaults:3 | Found a huge runed gate.
 38740 | Vaults:3 | Found a huge runed gate.
 38741 | Vaults:3 | Found a huge runed gate.
 38741 | Vaults:3 | Found a huge runed gate.
 38742 | Vaults:3 | Found a huge runed gate.
 38743 | Vaults:3 | Found a huge runed gate.
 38744 | Vaults:3 | Found a huge runed gate.
 38754 | Vaults:3 | Reached skill level 22 in Fighting
 38762 | Vaults:3 | Received a gift from Trog
 38774 | Vaults:3 | Found a huge runed gate.
 38774 | Vaults:3 | Found a huge runed gate.
 38774 | Vaults:3 | Found a huge runed gate.
 38774 | Vaults:3 | Found a huge runed gate.
 38774 | Vaults:3 | Found a huge runed gate.
 38774 | Vaults:3 | Found a huge runed gate.
 38774 | Vaults:3 | Found a huge runed gate.
 38775 | Vaults:3 | Found a huge runed gate.
 38777 | Vaults:3 | Found a huge runed gate.
 38785 | Vaults:3 | Found a huge runed gate.
 38785 | Vaults:3 | Found a huge runed gate.
 38785 | Vaults:3 | Found a huge runed gate.
 38785 | Vaults:3 | Found a huge runed gate.
 38785 | Vaults:3 | Found a huge runed gate.
 38785 | Vaults:3 | Found a huge runed gate.
 38785 | Vaults:3 | Found a huge runed gate.
 38789 | Vaults:3 | Found a huge runed gate.
 38792 | Vaults:3 | Found a huge runed gate.
 38800 | Vaults:3 | Found a huge runed gate.
 38800 | Vaults:3 | Found a huge runed gate.
 38800 | Vaults:3 | Found a huge runed gate.
 39328 | Vaults:3 | Noticed a hellephant
 39338 | Vaults:3 | Killed a hellephant
 39698 | Vaults:4 | Reached skill level 15 in Shields
 39836 | Vaults:4 | Received a gift from Trog
 40422 | Vaults:4 | Found Main's Gadget Shop.
 40430 | Vaults:4 | Bought a wand of acid (13) for 544 gold pieces
 40623 | Vaults:4 | Received a gift from Trog
 41853 | Elf:1    | Noticed Asterion
 41871 | Elf:1    | Killed Asterion
 41881 | Elf:1    | Found Muut Gee's One-of-a-Kind Books.
 41949 | Elf:1    | Received a gift from Trog
 41957 | Elf:1    | Noticed a Tzitzimitl
 41964 | Elf:1    | Noticed a Tzitzimitl
 42418 | Elf:1    | Reached skill level 23 in Fighting
 42440 | Elf:1    | Reached XP level 20. HP: 198/203 MP: 8/26
 42632 | Elf:1    | Killed from afar by a hellion

Illustrated notes

Levels and vault maps discovered:
D:1:      minmay_arrival_loop, layout_basic, tso_metal_star
D:2:      layout_basic, nicolae_ru_sacrificial_ziggurat, first_ration,
          uniq_natasha, uniq_robin, uniq_crazy_yiuf_cottage
D:3:      layout_rooms
D:4:      layout_loops_ring, marbit_many_paths, minmay_stone_trees_small,
          minmay_misc_feat_columns, chequers_serial_rivers_room_b
D:5:      layout_loops_ring, grunt_temple_overflow_open,
          gammafunk_ghost_stat_death
D:6:      layout_loops_cross, minmay_temple_entry_tees, minmay_microvault
D:7:      layout_loops_ring, minmay_misc_feat_square, uniq_joseph
D:8:      layout_loops_ring, okawaru_humans, uniq_maggie
D:9:      layout_cross, kennysheep_orc_monster_closet_entryway,
          hangedman_little_slice_of_home
D:10:     layout_irregular_city, lair_entry_dummy, serial_column_ruins,
          column_ruins_hut, column_ruins_hut_pillars, column_ruins_open_small,
          column_ruins_corridor_corner, column_ruins_corridor_corner,
          column_ruins_grid_1, column_ruins_grid_4, kennysheep_potato
D:11:     layout_basic
D:12:     layout_loops_ring, uniq_nessos, uniq_kirke, uniq_fannar
D:13:     layout_stronghold, grunt_vaults_entry_tiered
D:14:     gammafunk_the_bubble [the_bubble_gammafunk_roulette],
          layout_loops_ring, hangedman_glass_teeth
D:15:     grunt_enter_depths_snipers, layout_loops_ring, serial_park_square3
          [serial_park_minivault_5x5_6], minivault_23, uniq_roxanne,
          uniq_josephine, uniq_jorgrun
Temple:   nicolae_temple_no_exploring_needed
Lair:1:   gammafunk_cloud_chamber, layout_hall_layers, gauntlet_entry_generic,
          minmay_holes
Lair:2:   layout_roguey, minmay_shoals_entry_centaurs
Lair:3:   layout_cave_pods, dummy_snake_entry, lemuel_oklob_altar,
          serial_bayou_shore_b, lemuel_fruit_tree, uniq_rupert
Lair:4:   layout_cave_shapes, bobbens_ice_dragon_lair
Lair:5:   layout_gridlike, minmay_slime_entry_oklob_enclosed
Lair:6:   cheibrodos_lair_end_hotspot, layout_regular_city,
          chequers_serial_rivers_small_b, infiniplex_staircase_pool_2
Shoals:1: layout_shoals, overgrown_hall
Shoals:2: layout_shoals
Shoals:3: nicolae_shoals_island_circles, layout_shoals, abandoned_shop,
          nicolae_shoals_stone_sculpture_thing, nicolae_shoals_dead_sea_scrolls
Shoals:4: shoals_end_simple, layout_shoals, serial_shops,
          nicolae_shop_statue_plus, nicolae_shop_behind_doors, shop, shop
Snake:1:  layout_grid_maze, serial_shops, shop, uniq_aizul
Slime:1:  layout_caves
Orc:1:    layout_diamond_mine, uniq_erica, uniq_gastronok, uniq_harold,
          uniq_urug, uniq_nergalle
Orc:2:    st_orc_rangers, layout_diamond_mine, basic_altar, uniq_erolcha
Elf:1:    eino_elf_arrival_customs, layout_geoelf_diagonals, orc_legates,
          nicolae_rare_books, einodemon_armed_red_devil_minivault,
          uniq_asterion, uniq_louise
Vaults:1: ontoclasm_vaults_idyll, nicolae_vaults_ninety_degrees,
          ontoclasm_vaults_chip, vaults_room_glass_cross,
          vaults_standard_mumra_x, v_misc_25, grunt_vaults_funnel,
          vaults_room_pool, nicolae_vaults_circle_grid_a,
          vaults_room_grunt_arrival_ludios, layout_vaults_omnicross,
          serial_shops, shop
Vaults:2: ebering_vaults_ghost_disaster_area, nicolae_vaults_alarming,
          hangedman_vaults_slice, grunt_vaults_hallway_short, v_misc_30,
          minmay_crypt_entry_necro_gods, hangedman_vaults_restitches,
          vaults_room_pool, vaults_room_pool, layout_vaults_omnigrid, uniq_mara
Vaults:3: vaults_not_door_vault_due, hangedman_vaults_pinch,
          ontoclasm_vaults_loading_screen, vaults_room_fours,
          ontoclasm_vaults_ring_square, v_alt_pattern_5, vaults_room_corners,
          nicolae_vaults_circle_grid_a, grunt_vaults_trifunnel,
          vaults_room_pool, v_misc_4, hangedman_vaults_stretched_pinwheel,
          layout_vaults_omnibox, serial_shops, nicolae_shop_trees, uniq_mennas
Vaults:4: hangedman_vaults_variations, vaults_mumra_lcd, vaults_dpeg_ring,
          nicolae_vaults_an_arrangement, nicolae_vaults_little_ls,
          vaults_room_hallway, hangedman_vaults_slice,
          nicolae_vaults_windows_and_doors_thing, nicolae_vaults_theta,
          layout_vaults_chaotic_city, serial_shops, shop
Depths:1: layout_forbidden_donut, pf_hell_entry_tar_spiral,
          chequers_serial_rivers_large_b, gammafunk_ghost_abyssal_escape,
          roderic_lattice_a, lemuel_flame_loot_1

Skill      XL: |  1  2  3  4  5  6  7  8  9 10 11 12 13 14 15 16 17 18 19 |
---------------+----------------------------------------------------------+-----
Shields        | 4 5 6 7 8 9 11 12 13 14 15 | 15.9
Armour         | 4 5 6 7 8 9 11 12 14 15 16 17 | 17.8
Fighting       | 4 5 6 7 9 11 15 17 18 19 20 21 23 | 23.0
Axes           | 3 4 5 7 8 10 12 14 15 16 17 | 17.1
Dodging        | 1 2 3 6 8 9 10 11 12 13 14 | 14.7
Evocations     | 1 2 4 5 6 7 8 9 |  9.8
Stealth        | 2 |  2.7
Maces & Flails | 2 9 10 12 | 12.1

Action                   |  1- 3 |  4- 6 |  7- 9 | 10-12 | 13-15 | 16-18 | 19-21 || total
-------------------------+-------+-------+-------+-------+-------+-------+-------++-------
Melee: War axe           |    67 |   212 |   312 |   632 |   330 |    14 |       ||  1567
       Headbutt          |     8 |    36 |    64 |   167 |   341 |   460 |   182 ||  1258
       Morningstar       |       |       |       |       |   588 |   636 |   238 ||  1462
       Hand axe          |       |       |       |       |   152 |    40 |    29 ||   221
       Broad axe         |       |       |       |       |       |   486 |   296 ||   782
       Mace              |       |       |       |       |       |    25 |       ||    25
Invok: Berserk           |       |       |       |     7 |     1 |     2 |     1 ||    11
       Brothers in Arms  |       |       |       |     1 |     3 |     7 |       ||    11
       Trog's Hand       |       |       |       |       |     3 |       |       ||     3
Evoke: Wand              |       |       |       |     3 |    27 |    18 |     3 ||    51
       Lightning rod     |       |       |       |       |       |     6 |     5 ||    11
       Phial of floods   |       |       |       |       |       |       |     2 ||     2
  Use: Scroll            |     4 |     6 |     5 |    13 |    16 |     5 |     2 ||    51
       Potion            |       |     1 |     1 |     4 |     2 |    10 |       ||    18
 Stab: Paralysed         |       |       |       |     3 |       |       |       ||     3
       Invisible         |       |       |       |       |     2 |       |       ||     2
       Distracted        |       |       |       |       |       |     1 |       ||     1
  Eat: Chunk             |     1 |     9 |    10 |    25 |    46 |    36 |    14 ||   141
       Ration            |       |       |       |     2 |       |     1 |       ||     3
Armor: Scale mail        |    28 |       |       |       |       |       |       ||    28
       Chain mail        |    18 |   116 |   102 |    78 |       |       |       ||   314
       Plate armour      |       |       |       |    79 |       |       |       ||    79
       Crystal plate arm |       |       |       |     8 |   550 |   518 |   126 ||  1202
Dodge: Dodged            |    28 |    59 |    87 |   166 |   328 |   422 |    97 ||  1187
Block: Kite shield       |    39 |   133 |   247 |   405 |   691 |   633 |       ||  2148
       Reflection        |       |     1 |    10 |    12 |    21 |       |       ||    44
       Tower shield      |       |       |       |       |       |   111 |   446 ||   557
